Description

Serrals standard macro Zerg against Archon Drop into Archon Immortal

Replay - Serral v ShoWTimE: Game 2 - Cyber Forest LE

Build Order

Why is there no SALT encoding or Overwolf build?

  16  0:50  Hatchery  
  18  1:10  Extractor  
  17  1:15  Spawning Pool  
  20  2:01  Queen x2  
  20  2:03  Metabolic Boost  
  20  2:06  Zergling x3  
  29  2:43  Hatchery  
  30  2:48  Queen  
  39  3:30  Lair  
  42  3:47  Roach Warren  
  41  3:50  Extractor  
  49  4:20  Spore Crawler  
  53  4:31  Roach  
  65  4:53  Extractor  
  83  5:57  Glial Reconstitution  
  87  6:22  Evolution Chamber  
  87  6:23  Extractor  
  84  6:28  Nydus Network  
  107  7:10  Ravager x3  
  129  7:35  Evolution Chamber  
  137  7:54  Extractor x2  
  135  8:00  Queen  
  135  8:02  Zerg Missile Weapons Level 1  
  152  8:26  Hydralisk Den  
  157  8:44  Pneumatized Carapace  
  165  8:49  Hatchery  
  165  8:50  Ravager x3  
  169  8:58  Grooved Spines  
    9:01  Lurker Den  
    9:24  Extractor  
    9:30  Hydralisk  
    9:46  Hydralisk  
    9:56  Zerg Missile Weapons Level 2  
    10:09  Muscular Augments, Queen  
    10:42  Lurker  
    11:14  Infestation Pit  
    11:20  Hatchery  
      Hive  
      Spire  
Spawning Tool Build Advisor. Get it on Overwolf

Go to:

Details

  • Created by: ANTI   
  • Published on: Jun 11, 2019
  • Modified on: Jun 11, 2019
  • Patch: 4.7.1
Show

Export as new Build Order

Comments (0)

There are no comments. Be the first!

Create an account to comment!